 Dungeon Crawl Stone Soup version 0.23.2-40-g277498a001 (webtiles) character file.

Game seed: 18167975579033569974

5021 MalarOregon the Caregiver (level 10, -9/86 (88) HPs)
             Began as a Red Draconian Artificer on Sept 9, 2019.
             Was a Believer of Elyvilon.
             Killed themself with a badly aimed fireball (11 damage)
             ... on level 7 of the Dungeon.
             The game lasted 00:15:38 (9682 turns).

MalarOregon the Caregiver (Red Draconian Artificer) Turns: 9682, Time: 00:15:38

HP:   -9/86 (88)    AC: 10    Str: 18    XL:     10   Next: 30%
MP:   16/16         EV: 23    Int: 15    God:    Elyvilon [**....]
Gold: 416           SH:  0    Dex: 11    Spells: 17/17 levels left

rFire    + . .     SeeInvis .   n - +1 rapier (flame)
rCold    . . .     Gourm    .   (no shield)
rNeg     . . .     Faith    .   (armour unavailable)
rPois    .         Spirit   .   (helmet restricted)
rElec    .         Reflect  .   x - +2 cloak {MR+}
rCorr    .         Harm     .   (no gloves)
MR       +....                  (no boots)
Stlth    ++........             u - amulet of the acrobat
HPRegen  0.24/turn              y - +6 ring of evasion
MPRegen  0.15/turn              s - ring "Toanobadgh" {EV+4 Str+3}

@: short of breath
A: breathe fire, unfitting armour, fire resistance 1, cold-blooded, AC +7
a: Breathe Fire, Lesser Healing, Heal Other, Divine Protection, Renounce
Religion


You were on level 7 of the Dungeon.
You worshipped Elyvilon.
Elyvilon was pleased with you.
You were not hungry.

You visited 2 branches of the dungeon, and saw 9 of its levels.

You collected 416 gold pieces.

Inventory:

Hand Weapons
 f - a +3 blowgun
   (You took it off a kobold on level 3 of the Dungeon)
 n - a +1 rapier of flaming (weapon)
   (You found it on level 2 of the Dungeon)
Missiles
 o - 6 needles of paralysis
Armour
 x - a +2 cloak of magic resistance (worn)
   (You found it on level 5 of the Dungeon)
Jewellery
 q - an uncursed ring of flight
   (You found it on level 3 of the Dungeon)
 s - the ring "Toanobadgh" (right hand) {EV+4 Str+3}
   (You found it on level 4 of the Dungeon)

   [ring of evasion]

   It affects your evasion (+4).
   It affects your strength (+3).
 u - an amulet of the acrobat (around neck)
   (You found it on level 4 of the Dungeon)
 y - a +6 ring of evasion (left hand)
   (You took it off an orc priest on level 7 of the Dungeon)
 E - a +3 ring of protection {unknown}
   (You found it on level 7 of the Dungeon)
Wands
 c - a wand of enslavement (15)
 d - a wand of random effects (12)
 t - a wand of flame (14)
Scrolls
 b - 4 scrolls of teleportation {unknown}
 g - 7 scrolls of identify {unknown}
 h - 2 scrolls of blinking {unknown}
 i - 2 scrolls of enchant weapon {unknown}
 j - 3 scrolls of random uselessness {unknown}
 k - a scroll of magic mapping {unknown}
 v - a scroll of remove curse {unknown}
 C - a scroll of immolation {unknown}
 D - a scroll of fear {unknown}
Potions
 a - 3 potions of curing {unknown}
 l - 2 potions of degeneration {unknown}
 m - a potion of lignification {unknown}
 p - a potion of flight {unknown}
 r - 2 potions of magic {unknown}
 w - 2 potions of agility {unknown}
 z - a potion of might {unknown}
 A - 2 potions of resistance {unknown}
 F - a potion of invisibility {unknown}
Comestibles
 e - 10 rations {!d}


   Skills:
 + Level 8.1 Fighting
 - Level 4.1 Short Blades
 - Level 4.0 Dodging
 - Level 4.0 Stealth
 - Level 4.2 Spellcasting
 + Level 8.2 Invocations
 + Level 7.6 Evocations


You had 17 spell levels left.
You didn't know any spells.
Your spell library contained the following spells:

 Spells                   Type           Power        Failure   Level  Hunger
 Confusing Touch          Hex            #.....       19%         1    None
 Corona                   Hex            #......      19%         1    None
 Ensorcelled Hibernation  Hex/Ice        #.....       26%         2    ##.....
 Confuse                  Hex            #.......     47%         3    ###....
 Dazzling Spray           Conj/Hex       #.....       47%         3    ###....
 Gell's Gravitas          Tloc           #.........   47%         3    ###....
 Tukima's Dance           Hex            #.......     47%         3    ###....
 Petrify                  Tmut/Erth      #.......     87%         4    ####...
 Metabolic Englaciation   Hex/Ice        #.........   99%         5    ######.
 Yara's Violent Unravell  Hex/Tmut       #.........   99%         5    ######.


Dungeon Overview and Level Annotations

Branches:
Dungeon (8/15)             Temple (1/1) D:5
   Lair: D:8-11

Altars:
Ashenzari
Cheibriados
Dithmenos
Elyvilon
Fedhas
Gozag
Kikubaaqudgha
Makhleb
Nemelex Xobeh
Qazlal
Ru
Sif Muna
Trog
Uskayaw
Wu Jian
Xom
Yredelemnul
Zin

Annotations:
D:5 poirepoire's ghost, novice GrFi


Innate Abilities, Weirdness & Mutations

You can breathe blasts of fire.
Your fiery red scales are hard. (AC +7)
You cannot fit into any form of body armour.
Your flesh is heat resistant. (rF+)
You are cold-blooded and may be slowed by cold attacks.


Message History

The death yak completely misses you.
You see here a +0 club.
The death yak completely misses you.
Okay, then.
There is a stone staircase leading down here.
The death yak snorts and paws the ground.
Items here: )) [[ a +0 robe; a +0 dagger; a +0 plate armour; a +2 dire flail of crushing
There is a stone staircase leading up here.
You climb upwards.
There is a stone staircase leading down here.
You start resting.
You climb downwards.
The death yak gores you. The death yak misses you.
There is a stone staircase leading up here.
Aim: a death yak You breathe a blast of fire.
The fiery breath hits the death yak.
You feel somewhat more hungry.
The death yak is engulfed in blazing flames.
The death yak completely misses you.
Unknown command.
You hit the death yak but do no damage.
The death yak gores you but does no damage.
You hit the death yak. You burn the death yak.
The death yak is engulfed in blazing flames.
The death yak completely misses you.
You hit the death yak. You burn the death yak.
The death yak is engulfed in blazing flames.
The death yak misses you. The death yak closely misses you.
You hit the death yak but do no damage.
The death yak is engulfed in blazing flames.
The death yak gores you!! The death yak gores you!
You hit the death yak. You burn the death yak.
Your tail-slap misses the death yak.
The death yak gores you!
* * * LOW HITPOINT WARNING * * *
The death yak gores you!
* * * LOW HITPOINT WARNING * * *
You hit the death yak but do no damage. You tail-slap the death yak.
The death yak closely misses you. The death yak misses you.
You hit the death yak. You burn the death yak.
Your tail-slap misses the death yak.
The death yak gores you!!
* * * LOW HITPOINT WARNING * * *
The death yak gores you but does no damage.
Really evoke
d - a wand of random effects (12)?
This could place you under penance!
Aim: a death yak (almost dead)
The fireball explodes!
The fireball engulfs the death yak!
You kill the death yak!
Your Fighting skill increases to level 8!
Your Invocations skill increases to level 8!
The fireball engulfs you! You resist.
You die...

##.#.#.## #......[# #.####.
#.......# #.......####......
#.......# #.......Y....Y....
#.##.##.# #.......###...###.
#.##.##.# #.......###.#..##.
#.......# #####..........##.
#.##.##.# #.#####.##.##.
#.......#######.#####.....>.
#.##......†@Y............###
#.#####.#######.#####.######
#.#####.# #.#####.#.Y..Y
#..(....# #.......#.####
######### #########.####
#.#... #Y#.## #.#.## #.....


You could see a death yak.

Vanquished Creatures
  A two-headed ogre (D:7)
  2 death yaks (D:7)
  A hornet (D:7)
  Eustachio (D:6)
  A hungry ghost (D:7)
  An ice beast (D:5)
  A sky beast (D:6)
  An orc warrior (D:7)
  A black bear (D:6)
  4 necrophages (D:7)
  6 ogres
  A centaur (D:7)
  2 bullfrogs
  A vampire bat (D:5)
  5 wights (D:6)
  A howler monkey (D:7)
  A crimson imp (D:7)
  A bullfrog zombie (D:7)
  A centaur skeleton (D:4)
  An orc priest (D:7)
  A hound (D:7)
  2 jellies
  8 orc wizards
  An iguana (D:7)
  3 worker ants
  3 hound zombies (D:7)
  Robin (D:3)
  9 gnolls
  A howler monkey skeleton (D:7)
  6 adders
  A shadow imp (D:7)
  2 oozes (D:1)
  An adder zombie (D:7)
  An adder skeleton (D:7)
  3 worms
  5 dart slugs
  3 fire bats (D:5)
  6 leopard geckos
  30 orcs
  2 spectral bats (D:5)
  14 bats
  A bat simulacrum (D:5)
  3 bat skeletons (D:5)
  A bat zombie (D:5)
  2 giant cockroaches
  22 goblins
  14 hobgoblins
  11 jackals
  5 kobolds
  2 quokkas
  2 frilled lizards
  A jackal skeleton (D:7)
  2 leopard gecko skeletons (D:4)
  3 rats
206 creatures vanquished.

Vanquished Creatures (others)
  A bush (D:7)
  3 plants (D:7)
4 creatures vanquished.

Grand Total: 210 creatures vanquished

Notes
Turn   | Place    | Note
-------+----------+-------------------------------------------
     0 | D:1      | MalarOregon the Draconian Artificer began the quest for the
                  | Orb.
     0 | D:1      | Reached XP level 1. HP: 16/16 MP: 3/3
    33 | D:1      | Reached skill level 1 in Stealth
    88 | D:1      | Reached XP level 2. HP: 23/23 MP: 4/4
   574 | D:1      | Reached XP level 3. HP: 26/29 MP: 5/5
  1508 | D:2      | Reached XP level 4. HP: 29/36 MP: 6/6
  1657 | D:2      | Found a basalt altar of Yredelemnul.
  1849 | D:2      | Found an opulent altar of Gozag.
  2753 | D:3      | Found a shattered altar of Ashenzari.
  2764 | D:3      | Noticed Robin
  2797 | D:3      | Killed Robin
  2797 | D:3      | Reached XP level 5. HP: 29/42 MP: 7/7
  3389 | D:3      | Noticed an ogre
  3413 | D:3      | Killed an ogre
  3413 | D:3      | Reached XP level 6. HP: 21/51 MP: 7/9
  3945 | D:4      | Found a snail-covered altar of Cheibriados.
  4018 | D:4      | Found a stormy altar of Qazlal.
  4176 | D:4      | Got a translucent copper ring
  4663 | D:5      | Entered Level 5 of the Dungeon
  4742 | D:5      | Identified the ring "Toanobadgh" {EV+4 Str+3} (You found it
                  | on level 4 of the Dungeon)
  4930 | D:5      | Noticed poirepoire's ghost (novice GrFi)
  4952 | D:5      | Your scales start taking on a fiery red colour.
  4952 | D:5      | Reached XP level 7. HP: 33/59 MP: 10/10
  4952 | D:5      | Gained mutation: Your flesh is heat resistant. (rF+) [Red
                  | Draconian growth]
  4962 | D:5      | Found a staircase to the Ecumenical Temple.
  4983 | Temple   | Entered the Ecumenical Temple
  5259 | Temple   | Became a worshipper of Elyvilon the Healer
  5462 | D:5      | Found a runed translucent gate.
  5466 | D:5      | Found a runed translucent gate.
  5466 | D:5      | Found a runed translucent gate.
  5672 | D:5      | Reached skill level 1 in Invocations
  5797 | D:5      | Reached skill level 1 in Spellcasting
  6214 | D:6      | Noticed Eustachio
  6283 | D:6      | Killed Eustachio
  6283 | D:6      | Reached XP level 8. HP: 22/66 MP: 11/11
  6795 | D:6      | Found a shimmering altar of Xom.
  7368 | D:6      | Reached skill level 5 in Invocations
  7393 | D:6      | Reached * piety under Elyvilon
  7558 | D:6      | Reached skill level 5 in Fighting
  7658 | D:7      | Found a hide-covered altar of Uskayaw.
  7664 | D:7      | Reached XP level 9. HP: 68/74 MP: 15/15
  7680 | D:7      | Reached skill level 5 in Evocations
  7760 | D:7      | Found a shadowy altar of Dithmenos.
  8344 | D:7      | Found a sparkling altar of Nemelex Xobeh.
  8368 | D:7      | Noticed a two-headed ogre
  8390 | D:7      | Killed a two-headed ogre
  8506 | D:7      | Found a blossoming altar of Fedhas.
  9130 | D:8      | Reached ** piety under Elyvilon
  9135 | D:8      | Noticed a death yak
  9215 | D:7      | Killed a death yak
  9215 | D:7      | Reached XP level 10. HP: 55/86 MP: 16/16
  9348 | D:8      | Noticed a death yak
  9348 | D:8      | Noticed a death yak
  9356 | D:8      | Noticed a death yak
  9358 | D:8      | Noticed a death yak
  9359 | D:8      | Noticed a death yak
  9359 | D:8      | Noticed a death yak
  9681 | D:7      | HP: 2/86 [death yak (24)]
  9682 | D:7      | Killed a death yak
  9682 | D:7      | Killed themself with a badly aimed fireball

Skill      XL: |  1  2  3  4  5  6  7  8  9 10 |
---------------+-------------------------------+-----
Stealth        | 1 2 3 4 |  4.0
Dodging        | 2 3 4 |  4.0
Fighting       | 2 3 4 5 7 8 |  8.1
Short Blades   | 2 3 4 |  4.1
Evocations     | 4 7 |  7.6
Invocations    | 3 5 7 8 |  8.2
Spellcasting   | 2 4 |  4.2

Action                   |  1- 3 |  4- 6 |  7- 9 | 10-12 || total
-------------------------+-------+-------+-------+-------++-------
Melee: Short sword       |    97 |       |       |       ||    97
       Tailslap          |    17 |    32 |    59 |     2 ||   110
       Rapier            |    12 |   259 |   442 |    20 ||   733
 Abil: Breathe Fire      |       |       |     8 |     1 ||     9
Evoke: Wand              |       |       |     7 |       ||     7
 Stab: Sleeping          |     3 |     6 |    14 |       ||    23
  Eat: Chunk             |     2 |    28 |     7 |       ||    37
       Ration            |       |       |       |     1 ||     1
Armor: Skin              |    16 |    48 |   121 |     3 ||   188
Dodge: Dodged            |    68 |   177 |   601 |    30 ||   876
